 Dungeon Crawl Stone Soup version 0.26.1-2-gb8aa6d0cf2 (webtiles) character file.

Game seed: 7492692912156422834

359 archon2 the Shooter (level 6, -1/52 HPs)
             Began as a Draconian Wanderer on Mar 3, 2021.
             Slain by Pikel
             ... wielding a +1 whip of electrocution
              (15 damage)
             ... on level 4 of the Dungeon.
             The game lasted 00:05:15 (3709 turns).

archon2 the Shooter (Draconian Wanderer)            Turns: 3709, Time: 00:05:16

Health: -1/52      AC:  9    Str: 14    XL:     6   Next: 37%
Magic:  6/6        EV: 11    Int: 15    God:
Gold:   93         SH:  0    Dex: 10    Spells: 5/5 levels left

rFire    . . .     SeeInvis .   a - +0 falchion
rCold    . . .     Faith    .   (no shield)
rNeg     . . .     Spirit   .   (armour unavailable)
rPois    .         Reflect  .   (helmet restricted)
rElec    .         Harm     .   l - +0 cloak
rCorr    .         Rampage  .   (no gloves)
Will     .....                  s - +1 pair of boots
Stlth    ++........             (no amulet)
HPRegen  0.17/turn              (no ring)
MPRegen  0.10/turn              (no ring)

@: no status effects
A: unfitting armour, cold-blooded, AC +6
a: no special abilities


You were on level 4 of the Dungeon.
You visited 1 branch of the dungeon, and saw 4 of its levels.

You collected 93 gold pieces.

Inventory:

Hand Weapons
 a - a +0 falchion (weapon)
 b - a +0 shortbow
 e - a +0 dagger
 p - a +0 dagger of venom
 x - a +2 spear
Missiles
 c - 13 arrows
Armour
 l - a +0 cloak (worn)
 s - a +1 pair of boots (worn)
 u - a +0 tower shield
Wands
 q - a wand of iceblast (9)
 t - a wand of flame (18)
Scrolls
 f - a scroll of immolation {unknown}
 g - 2 scrolls of amnesia {unknown}
 j - 4 scrolls of enchant weapon {unknown}
 n - 5 scrolls of fog {unknown}
 r - 5 scrolls of identify {unknown}
Potions
 d - a potion of lignification
 h - a potion of brilliance {unknown}
 i - 2 potions of magic {unknown}
 k - a potion of might {unknown}
 m - a potion of cancellation {unknown}
 o - a potion of mutation {unknown}
 v - 3 potions of flight {unknown}
 w - a potion of ambrosia {unknown}


   Skills:
 + Level 3.8 Fighting
 * Level 3.9 Long Blades
 - Level 1.0 Polearms
 + Level 4.4 Bows
 - Level 1.7 Stealth
 + Level 2.9 Evocations


You had 5 spell levels left.
You didn't know any spells.
Your spell library was empty.

Dungeon Overview and Level Annotations

Branches:
Dungeon (4/15)
 Temple: D:4-7

Altars:
The Shining One

Annotations:
D:3 1 runed translucent door, Crazy Yiuf
D:4 Pikel


Innate Abilities, Weirdness & Mutations

Your plain brown scales are hard. (AC +6)
You cannot fit into any form of body armour.
You are cold-blooded and may be slowed by cold attacks.


Message History

Pikel is lightly wounded.
Pikel closely misses you.
You riposte.
You hit Pikel.
Pikel is lightly wounded.
Aiming: Throw Flame
Press: ? - help, Shift-Dir - straight line, f - Pikel
Aim: Pikel, wielding a +1 whip of electrocution and wearing a +0 robe (lightly wounded, 36% to evade)
The puff of flame hits Pikel.
Pikel is moderately wounded.
Pikel barely misses you.
You riposte.
You hit Pikel.
Your tail-slap misses Pikel.
Pikel is moderately wounded.
Aiming: Throw Flame
Press: ? - help, Shift-Dir - straight line, f/p - Pikel
Aim: Pikel, wielding a +1 whip of electrocution and wearing a +0 robe (moderately wounded, 36% to evade)
The puff of flame hits Pikel!
Pikel is heavily wounded.
Pikel hits you with a +1 whip of electrocution.
* * * LOW HITPOINT WARNING * * *
You are electrocuted!
You die...

#.##.#.##......
#......##.#....##......
#....(.##.#....##......
#......##.#.........)..
#...... #.#....##......
#..... #.#....##......
# .... #.####.##......
###.###5#####.#
#.##......
.......Z5K@...#
#.####....
#####.#.5#######
#.####....
...>.(..........
..........
###.....5.......
.........
###.#...######
##.###### ....(..# #. #
.....(..# # #
.......(..# .
###....<... .


You could see Pikel, 3 lemures and an adder zombie.

Vanquished Creatures
  Grinder (D:3)
  An orc priest (D:3)
  6 adders
  2 worms
  A dart slug (D:3)
  9 orcs (D:3)
  3 giant cockroaches
  7 goblins
  7 hobgoblins
  4 jackals (D:4)
  A quokka (D:2)
  3 ball pythons
  7 bats
  5 frilled lizards
  8 kobolds
  11 rats
76 creatures vanquished.

Notes
Turn   | Place    | Note
-------+----------+-------------------------------------------
     0 | D:1      | archon2 the Draconian Wanderer began the quest for the Orb.
     0 | D:1      | archon2 set off with the following items: a +2 spear, a +0
                  | shortbow, 25 arrows, a potion of lignification, a +0 dagger
     0 | D:1      | Reached XP level 1. HP: 17/17 MP: 1/1
   901 | D:2      | Reached skill level 1 in Long Blades
   901 | D:2      | Reached XP level 2. HP: 22/25 MP: 2/2
  1051 | D:2      | Reached XP level 3. HP: 30/30 MP: 3/3
  2140 | D:2      | You fall into a shaft and drop 1 floor!
  2176 | D:3      | Noticed Grinder
  2187 | D:3      | Killed Grinder
  2188 | D:3      | Reached skill level 4 in Bows
  2188 | D:3      | Reached XP level 4. HP: 5/39 MP: 4/4
  2188 | D:3      | Reached XP level 5. HP: 5/45 MP: 5/5
  2565 | D:3      | Reached XP level 6. HP: 51/51 MP: 6/6
  2813 | D:3      | Found a glowing golden altar of the Shining One.
  3317 | D:3      | Found a runed translucent door.
  3318 | D:3      | Noticed Crazy Yiuf
  3693 | D:4      | Noticed Pikel
  3709 | D:4      | Slain by Pikel

Illustrated notes

Levels and vault maps discovered:
D:1:      dpeg_arrival_arbitrary_b, layout_basic
D:2:      layout_basic, hangedman_decor_lopped
D:3:      layout_loops_corners, overflow_temple_1_default, uniq_grinder,
          uniq_crazy_yiuf_cottage
D:4:      layout_basic, nicolae_overflow_crystal_walls, uniq_ijyb, uniq_pikel

Skill      XL: |  1  2  3 |
---------------+----------+-----
Long Blades    | 1 3 |  3.9
Fighting       | 3 |  3.8
Bows           | 4 |  4.4
Evocations     | 2 |  2.9
Polearms       | |  1.0
Stealth        | |  1.7

Action                   |  1- 3 |  4- 6 || total
-------------------------+-------+-------++-------
Melee: Spear             |     8 |       ||     8
       Dagger            |     3 |     3 ||     6
       Falchion          |       |     8 ||     8
       Tailslap          |       |     2 ||     2
 Fire: Shortbow          |   108 |   111 ||   219
Evoke: Wand              |     3 |     3 ||     6
Armor: Skin              |    13 |    23 ||    36
Dodge: Dodged            |    19 |    30 ||    49
       Rpst.: Falchion   |       |     4 ||     4
